 Dungeon Crawl Stone Soup version 0.31-a0-277-g31ea1f65cc (console) character file.

Game seed: 13474364633295908985

2 petzl the Sneak (level 1, 0/18 HPs)
             Began as a Formicid Delver on July 15, 2023.
             Killed from afar by a white imp (12 damage)
             ... with a puff of frost
             ... on level 5 of the Dungeon.
             The game lasted 00:00:24 (31 turns).

petzl the Sneak (Formicid Delver)                     Turns: 31, Time: 00:00:26

Health: 0/18       AC:  3    Str: 16    XL:     1   Next: 33%
Magic:  1/1        EV: 12    Int:  9    God:
Gold:   0          SH:  0    Dex: 15    Spells: 0/0 levels left

rFire   . . .        a - +0 mace
rCold   . . .        (no shield)
rNeg    . . .        b - +0 leather armour
rPois   .            (helmet unavailable)
rElec   .            (no cloak)
rCorr   .            (no gloves)
SInv    +            (no boots)
Will    .....        (no amulet)
Stlth   +++          (no ring)
HPRegen 0.23/turn    (no ring)
MPRegen 0.07/turn

%: no passive effects
@: no status effects
A: permanent stasis, dig shafts and tunnels, antennae 3, four strong arms
a: Dig, Shaft Self


You were on level 5 of the Dungeon.
You visited 1 branch of the dungeon, and saw 2 of its levels.

Inventory:

Hand Weapons
 a - a +0 mace (weapon)
Armour
 b - a +0 leather armour (worn)
Wands
 f - a wand of digging (3)
Scrolls
 c - a scroll of fog
 d - a scroll of revelation
 e - a scroll of fear


   Skills:
 + Level 3.3 Fighting
 + Level 2.0 Maces & Flails
 + Level 1.8 Dodging
 + Level 6.0 Stealth


You couldn't memorise any spells.
You didn't know any spells.
Your spell library was empty.

Dungeon Overview and Level Annotations

Branches:
Dungeon (6/15)
 Temple: D:4-7

Altars:


Innate Abilities, Weirdness & Mutations

You cannot be hasted, slowed, berserked, paralysed or teleported.
You can dig through walls and to a lower floor.
You have a pair of large antennae on your head. (SInv)
Your four strong arms can wield two-handed weapons with a shield.


Message History

Found a scroll labelled ONASEO UVAI and a scroll labelled NUYMIU VUFAMA.
There is a stone staircase leading up here.
An orc comes into view. It is wielding a +0 short sword.
Found 5 stones.
There is a stone staircase leading up here.
The orc shouts!
There is a stone staircase leading up here.
The orc misses you.
You climb upwards.
There is a stone staircase leading down here.
You hit the orc.
The orc is severely wounded.
The orc misses you.
You hit the orc.
You kill the orc!
Things that are here:
a +0 mace; a +0 leather armour; an orc corpse
There is a stone staircase leading down here.
You sense a monster nearby.
You open the door.
A white imp comes into view.
Found a scroll of fear, 13 gold pieces and 3 stones.
Found an inky potion.
There is an open door here.
The helpless white imp fails to defend itself.
You hit the white imp.
The white imp is moderately wounded.
The white imp gestures at you. The puff of frost misses you.
You hit the white imp but do no damage.
The white imp is moderately wounded.
The white imp hits you. The white imp freezes you.
You barely miss the white imp.
The white imp is moderately wounded.
The white imp grinds its teeth.
The white imp hits you but does no damage.
The white imp gestures at you. The puff of frost hits you!
Ouch! That really hurt!
You die...

.. ...
.#########(..
#...........!
#.....$......
#............
###......?...#
.......5.....# #@#
###### #.#
#.....##.#####
#.....#......#
#.....+....#.###
#.....#....#....
#.....#....#...
#..............
#.....#...##.####..
+.....#...##.....
#.....#...##..##
##............#
#######...#..#
###..>.# ####)# #.#
#.. ####


You could see a white imp.

Vanquished Creatures
  An orc (D:5)
1 creature vanquished.

Notes
Turn   | Place    | Note
-------+----------+-------------------------------------------
     0 | D:5      | petzl the Formicid Delver began the quest for the Orb.
     0 | D:5      | Reached XP level 1. HP: 18/18 MP: 1/1
    31 | D:5      | Killed from afar by a white imp

Illustrated notes

Levels and vault maps discovered:
D:5:      layout_basic, vehumet_altar_wand_db
D:6:      layout_loops_ring, minmay_temple_entry_tees

Action                     || total
---------------------------++-------
  Melee: Mace              ||     5
   Stab: Sleeping          ||     1
 Armour: Leather armour    ||     1
  Dodge: Dodged            ||     3

Table legend: (Time is in decaauts)
 A = Elapsed time spent in this place.
 B = Non-inter-level travel time spent in this place.
 C = Inter-level travel time spent in this place.
 D = Time resting spent in this place.
 E = Time spent auto-exploring this place.
 F = Levels seen in this place.
 G = Mean time per level.
                   A        B        C        D        E       F      G
               +--------+--------+--------+--------+--------+-----+--------+
         Total |     32 |     32 |      0 |      0 |     10 |   2 |   16.0 |
       Dungeon |     32 |     32 |      0 |      0 |     10 |   2 |   16.0 |
               +--------+--------+--------+--------+--------+-----+--------+

Top non-repeatable levels by time:
     D:5: 26 daAuts
     D:6: 5 daAuts
